| TOP OF THE 1ST |
|
Southern Maryland Blue Crabs batting - Pitching for New Jersey Devils : RHP Nick Rutscher
|
|
Pitching: RHP Nick Rutscher
|
|
|
Batting: RHB Eddie Morin
|
0-0: SINGLE (Flyball, 3D, EV 95.0 MPH)
|
|
Batting: RHB Pedro Luera
|
0-0: Ball 1-0: Ball 2-0: Called Strike 2-1: SINGLE (Groundball, 13, EV 87.5 MPH) (infield hit) Eddie Morin to second
|
|
Batting: LHB Sam Hontz
|
0-0: Ball 1-0: Ball 2-0: Ball 3-0: Base on Balls Eddie Morin to third Pedro Luera to second
|
|
Batting: RHB Josh Ludwig
|
0-0: Fly out, F7 (Flyball, 7S, EV 80.6 MPH)
|
|
Batting: LHB Stu Proulx
|
0-0: Called Strike 0-1: Ball 1-1: Fly out, F7 (Flyball, 78S, EV 84.4 MPH)
|
|
Batting: RHB Oscar Chapa
|
0-0: Ball 1-0: Foul Ball, location: 2F 1-1: Ball 2-1: Ball 3-1: Foul Ball, location: 2F 3-2: Fly out, F8 (Flyball, 89M, EV 95.6 MPH)
|
| Top of the 1st over - 0 runs, 2 hits, 0 errors, 3 left on base; Southern Maryland 0 - New Jersey 0 |
| BOTTOM OF THE 1ST |
|
New Jersey Devils batting - Pitching for Southern Maryland Blue Crabs : LHP Oliver Troiano
|
|
Pitching: LHP Oliver Troiano
|
|
|
Batting: SHB Ernesto Mazas
|
0-0: Ball 1-0: Ball 2-0: Called Strike 2-1: Foul Ball, location: 2F 2-2: Strikes out looking
|
|
Batting: RHB Jacob Olander
|
0-0: Swinging Strike 0-1: Ball 1-1: Ball 2-1: Ground out 6-3 (Groundball, 6, EV 103.8 MPH)
|
|
Batting: RHB Warren Carmichael
|
0-0: Ball 1-0: Swinging Strike 1-1: Swinging Strike 1-2: Strikes out swinging
|
| Bottom of the 1st over - 0 runs, 0 hits, 0 errors, 0 left on base; Southern Maryland 0 - New Jersey 0 |
| TOP OF THE 2ND |
|
Southern Maryland Blue Crabs batting - Pitching for New Jersey Devils : RHP Nick Rutscher
|
|
Batting: LHB Taylor Plummer
|
0-0: Called Strike 0-1: Foul Ball, location: 2F 0-2: Ball 1-2: Ground out 4-3 (Groundball, 4, EV 109.4 MPH)
|
|
Batting: RHB Tyler Cohen
|
0-0: Ball 1-0: Ball 2-0: Called Strike 2-1: Foul Ball, location: 2F 2-2: Strikes out swinging
|
|
Batting: RHB Mike King
|
0-0: Ball 1-0: Reached on error, E4 (Groundball, 4S, EV 86.9 MPH)
|
|
Batting: RHB Eddie Morin
|
0-0: Ball 1-0: Fly out, F9 (Line Drive, 89M, EV 100.0 MPH)
|
| Top of the 2nd over - 0 runs, 0 hits, 1 error, 1 left on base; Southern Maryland 0 - New Jersey 0 |
| BOTTOM OF THE 2ND |
|
New Jersey Devils batting - Pitching for Southern Maryland Blue Crabs : LHP Oliver Troiano
|
|
Batting: LHB Randolph Brodbeck
|
0-0: Foul Ball, location: 2F 0-1: Ball 1-1: Ball 2-1: Swinging Strike 2-2: Ground out 6-3 (Groundball, 6S, EV 71.9 MPH)
|
|
Batting: RHB Craig Alvarado
|
0-0: Ball 1-0: Swinging Strike 1-1: Ball 2-1: Ball 3-1: Swinging Strike 3-2: Strikes out swinging
|
|
Batting: RHB Eric Zylstra
|
0-0: Called Strike 0-1: Ball 1-1: Ball 2-1: Ball 3-1: SINGLE (Groundball, 6M, EV 108.8 MPH)
|
|
Batting: RHB Sergio Andrada
|
0-0: Foul Ball, location: 2F 0-1: Ball 1-1: Swinging Strike 1-2: Ball 2-2: Strikes out swinging
|
| Bottom of the 2nd over - 0 runs, 1 hit, 0 errors, 1 left on base; Southern Maryland 0 - New Jersey 0 |
| TOP OF THE 3RD |
|
Southern Maryland Blue Crabs batting - Pitching for New Jersey Devils : RHP Nick Rutscher
|
|
Batting: RHB Pedro Luera
|
0-0: Foul Ball, location: 2F 0-1: Swinging Strike 0-2: Strikes out swinging
|
|
Batting: LHB Sam Hontz
|
0-0: Swinging Strike 0-1: Ball 1-1: Ball 2-1: Foul Ball, location: 2F 2-2: Strikes out looking
|
|
Batting: RHB Josh Ludwig
|
0-0: Fly out, F3 (Popup, 3SF, EV 73.8 MPH)
|
| Top of the 3rd over - 0 runs, 0 hits, 0 errors, 0 left on base; Southern Maryland 0 - New Jersey 0 |
| BOTTOM OF THE 3RD |
|
New Jersey Devils batting - Pitching for Southern Maryland Blue Crabs : LHP Oliver Troiano
|
|
Batting: LHB Matt Reynolds
|
0-0: Ground out 5-3 (Groundball, 56S, EV 86.2 MPH)
|
|
Batting: RHB Brian Jones
|
0-0: Ground out 5-3 (Groundball, 56, EV 95.6 MPH)
|
|
Batting: SHB Ernesto Mazas
|
0-0: Swinging Strike 0-1: Ball 1-1: Foul Ball, location: 2F 1-2: SINGLE (Groundball, 56, EV 107.5 MPH) (infield hit)
|
|
Batting: RHB Jacob Olander
|
0-0: SINGLE (Line Drive, 89M, EV 97.5 MPH) Ernesto Mazas to second
|
|
Batting: RHB Warren Carmichael
|
0-0: Ball 1-0: Called Strike 1-1: Called Strike 1-2: Fly out, F9 (Flyball, 9D, EV 99.4 MPH)
|
| Bottom of the 3rd over - 0 runs, 2 hits, 0 errors, 2 left on base; Southern Maryland 0 - New Jersey 0 |
| TOP OF THE 4TH |
|
Southern Maryland Blue Crabs batting - Pitching for New Jersey Devils : RHP Nick Rutscher
|
|
Batting: LHB Stu Proulx
|
0-0: Ball 1-0: Foul Ball, location: 2F 1-1: SINGLE (Flyball, 56D, EV 91.2 MPH)
|
|
Batting: RHB Oscar Chapa
|
0-0: Called Strike 0-1: Foul Ball, location: 2F 0-2: Ball 1-2: Strikes out swinging
|
|
Batting: LHB Taylor Plummer
|
0-0: Called Strike Stu Proulx is caught stealing 2nd base 2-6 0-1: Ball 1-1: Ball 2-1: Ball 3-1: Foul Ball, location: 2F 3-2: Strikes out swinging
|
| Top of the 4th over - 0 runs, 1 hit, 0 errors, 0 left on base; Southern Maryland 0 - New Jersey 0 |
| BOTTOM OF THE 4TH |
|
New Jersey Devils batting - Pitching for Southern Maryland Blue Crabs : LHP Oliver Troiano
|
|
Batting: LHB Randolph Brodbeck
|
0-0: Ball 1-0: Ball 2-0: Ball 3-0: Called Strike 3-1: Foul Ball, location: 2F 3-2: Strikes out swinging
|
|
Batting: RHB Craig Alvarado
|
0-0: Fly out, F8 (Flyball, 8RD, EV 91.9 MPH)
|
|
Batting: RHB Eric Zylstra
|
0-0: Ball 1-0: Swinging Strike 1-1: Ground out 6-3 (Groundball, 6, EV 86.9 MPH)
|
| Bottom of the 4th over - 0 runs, 0 hits, 0 errors, 0 left on base; Southern Maryland 0 - New Jersey 0 |
| TOP OF THE 5TH |
|
Southern Maryland Blue Crabs batting - Pitching for New Jersey Devils : RHP Nick Rutscher
|
|
Batting: RHB Tyler Cohen
|
0-0: Ball 1-0: Ball 2-0: Called Strike 2-1: Ball 3-1: Called Strike 3-2: Base on Balls
|
|
Batting: RHB Mike King
|
0-0: Ball 1-0: Swinging Strike 1-1: Called Strike 1-2: Hit by Pitch Tyler Cohen to second
|
|
Batting: RHB Eddie Morin
|
0-0: Grounds into double play, 6-4-3 (Groundball, 6, EV 85.0 MPH) Tyler Cohen to third
|
|
Batting: RHB Pedro Luera
|
0-0: Ball 1-0: Swinging Strike 1-1: Ball 2-1: Called Strike 2-2: Ground out 5-3 (Groundball, 5L, EV 78.1 MPH)
|
| Top of the 5th over - 0 runs, 0 hits, 0 errors, 1 left on base; Southern Maryland 0 - New Jersey 0 |
| BOTTOM OF THE 5TH |
|
New Jersey Devils batting - Pitching for Southern Maryland Blue Crabs : LHP Oliver Troiano
|
|
Batting: RHB Sergio Andrada
|
0-0: Fly out, F8 (Flyball, 8RS, EV 78.8 MPH)
|
|
Batting: LHB Matt Reynolds
|
0-0: Foul Ball, location: 2F 0-1: Swinging Strike 0-2: Ball 1-2: Ball 2-2: Foul Ball, location: 2F 2-2: Ball 3-2: Strikes out swinging
|
|
Batting: RHB Brian Jones
|
0-0: Ball 1-0: Called Strike 1-1: Ball 2-1: Ball 3-1: Foul Ball, location: 2F 3-2: Strikes out swinging
|
| Bottom of the 5th over - 0 runs, 0 hits, 0 errors, 0 left on base; Southern Maryland 0 - New Jersey 0 |
| TOP OF THE 6TH |
|
Southern Maryland Blue Crabs batting - Pitching for New Jersey Devils : RHP Nick Rutscher
|
|
Batting: LHB Sam Hontz
|
0-0: Ball 1-0: Called Strike 1-1: Ground out 4-3 (Groundball, 4, EV 86.9 MPH)
|
|
Batting: RHB Josh Ludwig
|
0-0: Called Strike 0-1: Swinging Strike 0-2: Strikes out swinging
|
|
Batting: LHB Stu Proulx
|
0-0: Ball 1-0: Called Strike 1-1: Ball 2-1: Foul Ball, location: 2F 2-2: Fly out, F7 (Flyball, 7S, EV 90.6 MPH)
|
| Top of the 6th over - 0 runs, 0 hits, 0 errors, 0 left on base; Southern Maryland 0 - New Jersey 0 |
| BOTTOM OF THE 6TH |
|
New Jersey Devils batting - Pitching for Southern Maryland Blue Crabs : LHP Oliver Troiano
|
|
Batting: SHB Ernesto Mazas
|
0-0: Foul Ball, location: 2F 0-1: DOUBLE (Line Drive, 89XD, EV 108.1 MPH)
|
|
Batting: RHB Jacob Olander
|
0-0: Ball 1-0: Swinging Strike 1-1: Ball 2-1: Foul Ball, location: 2F 2-2: Ball 3-2: Strikes out looking
|
|
Batting: RHB Warren Carmichael
|
0-0: Intentional Walk
|
|
Batting: LHB Randolph Brodbeck
|
0-0: Ball 1-0: Ball 2-0: Ball 3-0: Called Strike 3-1: Fly out, F3 (Line Drive, 3, EV 66.9 MPH) Lined into DP, U3 (Line Drive, 3, EV 67.5 MPH)
|
| Bottom of the 6th over - 0 runs, 1 hit, 0 errors, 1 left on base; Southern Maryland 0 - New Jersey 0 |
| TOP OF THE 7TH |
|
Southern Maryland Blue Crabs batting - Pitching for New Jersey Devils : RHP Nick Rutscher
|
|
Batting: RHB Oscar Chapa
|
0-0: Ball 1-0: Ball 2-0: Called Strike 2-1: Foul Ball, location: 2F 2-2: Ball 3-2: Base on Balls
|
|
Batting: LHB Taylor Plummer
|
0-0: Ball 1-0: Bunted foul 1-1: Bunted foul 1-2: Ball 2-2: Grounds out, U3 (Groundball, 3L, EV 110.0 MPH)
|
|
Batting: RHB Tyler Cohen
|
0-0: Swinging Strike 0-1: Called Strike 0-2: Ball 1-2: Strikes out swinging
|
|
Batting: RHB Mike King
|
0-0: Ball 1-0: Called Strike 1-1: Ball 2-1: Ball 3-1: Base on Balls
|
|
Batting: RHB Eddie Morin
|
0-0: Ball 1-0: Fly out, F8 (Flyball, 8LD, EV 92.5 MPH)
|
| Top of the 7th over - 0 runs, 0 hits, 0 errors, 2 left on base; Southern Maryland 0 - New Jersey 0 |
| BOTTOM OF THE 7TH |
|
New Jersey Devils batting - Pitching for Southern Maryland Blue Crabs : LHP Oliver Troiano
|
|
Batting: RHB Craig Alvarado
|
0-0: Called Strike 0-1: Ground out 4-3 (Groundball, 4MD, EV 87.5 MPH)
|
|
Batting: RHB Eric Zylstra
|
0-0: Foul Ball, location: 2F 0-1: Called Strike 0-2: Ball 1-2: Ball 2-2: Ball 3-2: Foul Ball, location: 2F 3-2: Foul Ball, location: 2F 3-2: Foul Ball, location: 2F 3-2: Foul Ball, location: 2F 3-2: Ground out 6-3 (Groundball, 6M, EV 78.8 MPH)
|
|
Batting: RHB Sergio Andrada
|
0-0: Ball 1-0: Foul Ball, location: 2F 1-1: Foul Ball, location: 2F 1-2: Strikes out swinging
|
| Bottom of the 7th over - 0 runs, 0 hits, 0 errors, 0 left on base; Southern Maryland 0 - New Jersey 0 |
| TOP OF THE 8TH |
|
Southern Maryland Blue Crabs batting - Pitching for New Jersey Devils : RHP Nick Rutscher
|
|
Batting: RHB Pedro Luera
|
0-0: Swinging Strike 0-1: Ground out 4-3 (Groundball, 4, EV 78.8 MPH)
|
|
Batting: LHB Sam Hontz
|
0-0: Ball 1-0: SINGLE (Groundball, 6D, EV 100.0 MPH)
|
|
Batting: RHB Josh Ludwig
|
0-0: Ball 1-0: Foul Ball, location: 2F 1-1: Swinging Strike 1-2: Foul Ball, location: 2F 1-2: Ball 2-2: Strikes out swinging
|
|
Batting: LHB Stu Proulx
|
0-0: Foul Ball, location: 2F 0-1: SINGLE (Groundball, 6MD, EV 99.4 MPH) Sam Hontz to second
|
|
Batting: RHB Oscar Chapa
|
0-0: Called Strike 0-1: Fly out, F9 (Flyball, 9LS, EV 85.6 MPH)
|
| Top of the 8th over - 0 runs, 2 hits, 0 errors, 2 left on base; Southern Maryland 0 - New Jersey 0 |
| BOTTOM OF THE 8TH |
|
New Jersey Devils batting - Pitching for Southern Maryland Blue Crabs : LHP Oliver Troiano
|
|
Batting: LHB Matt Reynolds
|
0-0: Ground out 4-3 (Groundball, 4, EV 86.9 MPH)
|
|
Batting: RHB Brian Jones
|
0-0: Called Strike 0-1: Swinging Strike 0-2: Foul Ball, location: 2F 0-2: Strikes out looking
|
|
Batting: SHB Ernesto Mazas
|
0-0: Called Strike 0-1: DOUBLE (Flyball, 8LXD, EV 108.8 MPH)
|
|
Batting: RHB Jacob Olander
|
0-0: Called Strike 0-1: Ground out 6-3 (Groundball, 6, EV 104.4 MPH)
|
| Bottom of the 8th over - 0 runs, 1 hit, 0 errors, 1 left on base; Southern Maryland 0 - New Jersey 0 |
| TOP OF THE 9TH |
|
Southern Maryland Blue Crabs batting - Pitching for New Jersey Devils : RHP Nick Rutscher
|
|
Pitching: LHP Adam Howell
|
|
|
Pinch Hitting: RHB Adam Beal
|
0-0: Ball 1-0: Ball 2-0: Called Strike 2-1: Called Strike 2-2: Strikes out swinging
|
|
Batting: RHB Willie Carmona
|
0-0: Foul Ball, location: 2F 0-1: Ball 1-1: Foul Ball, location: 2F 1-2: Foul Ball, location: 2F 1-2: Foul Ball, location: 2F 1-2: Strikes out swinging
|
|
Pinch Hitting: RHB Matt Wallace
|
0-0: Ball 1-0: SINGLE (Flyball, 8LS, EV 95.0 MPH)
|
|
Batting: RHB Eddie Morin
|
0-0: Ball 1-0: Called Strike 1-1: Foul Ball, location: 2F 1-2: Strikes out swinging
|
| Top of the 9th over - 0 runs, 1 hit, 0 errors, 1 left on base; Southern Maryland 0 - New Jersey 0 |
| BOTTOM OF THE 9TH |
|
New Jersey Devils batting - Pitching for Southern Maryland Blue Crabs : LHP Oliver Troiano
|
|
Now at C: John Hiles
|
|
|
Now in LF: Stu Proulx
|
|
|
Now in CF: Jeff Parlo
|
|
|
Batting: RHB Warren Carmichael
|
0-0: Called Strike 0-1: Ball 1-1: Foul Ball, location: 2F 1-2: Ball 2-2: Foul Ball, location: 2F 2-2: SINGLE (Groundball, 6MS, EV 73.8 MPH) (infield hit)
|
|
Pitching: RHP Sherwood Abernethy
|
|
|
Batting: LHB Randolph Brodbeck
|
0-0: Ball 1-0: Called Strike 1-1: Called Strike 1-2: Foul Ball, location: 2F 1-2: Fly out, F8 (Flyball, 8RD, EV 97.5 MPH)
|
|
Pinch Hitting: RHB John Carpenter
|
0-0: Ball 1-0: Ball 2-0: Called Strike 2-1: Ball 3-1: Base on Balls Warren Carmichael to second
|
|
Batting: RHB Eric Zylstra
|
0-0: Ball 1-0: Called Strike 1-1: Swinging Strike 1-2: Foul Ball, location: 2F 1-2: Ball 2-2: Ball 3-2: SINGLE (Groundball, 34, EV 104.4 MPH) Warren Carmichael to third John Carpenter to second Runner from 3rd tries for Home, SAFE, throw by RF to home
|
| Bottom of the 9th over - 1 run, 2 hits, 0 errors, 2 left on base; Southern Maryland 0 - New Jersey 1 |
|